Unix NetHack Version 5.0.0-0 post-release - last build Jun 10 2026 00:39:30 (3ee93aec679c4c4259841fe613dc97188e26a321,branch:main).

Game began 2026-06-21 20:31:03, ended 2026-06-21 20:53:04.

Drastanta, lawful male human Priest

                      ---------------------------------
      ----------      |...-..|..|..|..-....-..|..|..-..
      |........|      |...|..|..|..|..|....|..|..|..|.|      ------------
      |.........##### |...----|--|-----.[..----..----.|      ...........|
      |........|######...........:....................|      |..........|
      |....<...|     #|...---|--@---.......--|-..-|--.|######-..........|
      |........|      |...|...|....|{......|..|..|..|.|##    |..........|
      ----------      |...|%%%|.d..|.......|..|..|..|.|##   #.........>.|
                      |...|%%%|@_..|.......----..----..##   #------------
                      |...|%!%|....|....{.............|######
                      |...|---------..--------|------..##
                      |...|(.((|.....(-....|...|?%].|.|#
                      |...|(((.|......|(((.|...|]%%.|.|#
                      |...-...(|......|.(..|...|%)*.-.|#
                      |...------......---------------.|#
                      |................................#
                      ---------------------------------

Drastanta the Adept          St:12 Dx:13 Co:17 In:10 Wi:15 Ch:9  Lawful
Dlvl:7  $:91 HP:0(57) Pw:73(77) AC:0  Xp:7 T:2905 

Latest messages:
 It misses the little dog.
 You hear some noises in the distance.
 "Pilgrim, you enter a sacred place!"
 You experience a sense of peace.
 What do you want to read? [ght or ?*] t
 As you read the scroll, it disappears.
 This is an identify scroll.
 q - a wand of undead turning (0:4).
 You swap places with your little dog.
 What do you want to zap? [q or ?*] ?
 In what direction? 6
 The crocodile corpse glows iridescently.
 The crocodile is resurrected!
 The crocodile just misses!
 The crocodile hits!
 You already found a monster.  Use 'm' prefix to force another search.
 You already found a monster.  Use 'm' prefix to force another search.
 You hit the crocodile.
 The crocodile bites!
 The crocodile misses!
 You hit the crocodile!
 The crocodile bites!
 The crocodile misses!
 Are you sure you want to pray? [yn] (n) y
 You begin praying to Shan Lai Ching.
 You are surrounded by a shimmering light.
 The crocodile starts to attack you, but pulls back.
 The crocodile starts to attack you, but pulls back.
 The crocodile starts to attack you, but pulls back.
 You finish your prayer.
 You feel that Shan Lai Ching is well-pleased.
 You feel much better.
 You hit the crocodile!
 The crocodile bites!
 The crocodile hits!
 You miss the crocodile.
 The crocodile bites!
 The crocodile hits!
 You hit the crocodile!
 The crocodile bites!
 The crocodile hits!
 You miss the crocodile.
 The crocodile bites!
 The crocodile just misses!
 You hit the crocodile.
 The crocodile bites!
 The crocodile hits!
 You die...
 Do you want your possessions identified? [ynq] (y) y
 Do you want to see your attributes? [ynq] (y) q

Inventory:
 Coins    ('$')
  $ - 91 gold pieces
 Weapons  (')')
  a - a blessed corroded +1 mace (weapon in right hand)
 Armor    ('[')
  u - a +0 pair of iron shoes (being worn)
  c - a +0 small shield (being worn)
  b - a blessed +0 robe (being worn)
  y - a blessed +0 elven mithril-coat (being worn)
 Comestibles  ('%')
  e - a clove of garlic
  i - a food ration
  B - a partly eaten food ration
  C - a partly eaten food ration
  f - a sprig of wolfsbane
  A - a lizard corpse
 Spellbooks  ('+')
  h - a spellbook of cure sickness
  g - a spellbook of healing
 Potions  ('!')
  v - a blessed potion of blindness
  m - a potion of gain energy
  j - 3 potions of healing
  n - a cursed potion of sleeping
  d - 4 potions of holy water
  l - a potion of water
 Wands    ('/')
  q - a wand of undead turning (0:3)
 Tools    ('(')
  o - a lock pick
  r - a magic whistle

Drastanta the Priest's attributes:

Background:
 You were an Adept, a level 7 human Priest.
 You were lawful, on a mission for Shan Lai Ching
 who was opposed by Chih Sung-tzu (neutral) and Huan Ti (chaotic).
 You were right-handed.
 You were in the Gnomish Mines, on level 7.
 You entered the dungeon 2905 turns ago.
 You had 701 experience points, 579 more were needed to attain level 8.

Basics:
 You had 0 out of 57 hit points.
 You had 73 out of 77 energy points (spell power).
 Your armor class was 0.
 Your wallet contained 91 zorkmids.
 Autopickup was on for '$' plus thrown.

Final Characteristics:
 Your strength was 12 (limit:18/100).
 Your dexterity was 13 (limit:18).
 Your constitution was 17 (limit:18).
 Your intelligence was 10 (limit:18).
 Your wisdom was 15 (limit:18).
 Your charisma was 9 (limit:18).

Final Status:
 You weren't hungry.
 You were unencumbered.
 You were wielding a mace.
 You were skilled in mace.

Final Attributes:
 You were piously aligned.
 You were guarded.
 Your spell casting was impaired by metallic armor, mitigated by your robe.
 You are dead.

Miscellaneous:
 You encountered 1 bones level.
 Total elapsed playing time was 22 minutes and 1 second.

Major events:
 Turn
    1: Drastanta the lawful human Priest entered the dungeon
  987: attained the rank of Acolyte (level 3)
 1054: entered the Gnomish Mines
 2140: reached Mine Town
 2233: attained the rank of Adept (level 6)
 2548: found Magicbane in a shop
 2548: found Ogresmasher in a shop
 2905: killed by a crocodile

Spells:
 Name                 Level Category     Fail Retention
 healing                1   healing       42%  76%-100%
 cure sickness          3   healing      100%  76%-100%

Skills:
 Fighting Skills
   bare handed combat [Unskilled]
 Weapon Skills
   club               [Unskilled]
   mace               [Skilled]
   morning star       [Unskilled]
   flail              [Unskilled]
   hammer             [Unskilled]
   quarterstaff       [Unskilled]
   polearms           [Unskilled]
   spear              [Unskilled]
   trident            [Unskilled]
   lance              [Unskilled]
   bow                [Unskilled]
   sling              [Unskilled]
   crossbow           [Unskilled]
   dart               [Unskilled]
   shuriken           [Unskilled]
   boomerang          [Unskilled]
   unicorn horn       [Unskilled]
 Spellcasting Skills
   healing spells     [Unskilled]
   divination spells  [Unskilled]
   clerical spells    [Basic]

Voluntary challenges:
 Character rerolling was not enabled.
 You never genocided any monsters.
 You never polymorphed an object.
 You never changed form.
 You used no wishes.
Achievements:
 You entered a shop.
 You attained the rank of Acolyte.
 You entered the Gnomish Mines.
 You entered Minetown.
 You entered a temple.
 You attained the rank of Adept.

 The Dungeons of Doom: levels 1 to 4
    Level 1:
       A sink.
    Level 2:
       A potion shop, a sink.
    Level 3:
       A fountain.
       Stairs down to The Gnomish Mines.
    Level 4:
 The Gnomish Mines: levels 4 to 7
    Level 4:
    Level 5:
    Level 6:
    Level 7: <- You were here.
       Many shops, a temple and an altar to Shan Lai Ching, some fountains, a grave.
       Final resting place for
          you, killed by a crocodile,
          needler-Tou-Hum-Mal-Neu, killed by a Grey-elf.


Vanquished creatures:
  a ghost
  a small mimic
  a Grey-elf
  a crocodile
  a lizard
  a dust vortex
  2 apes
  a yellow light
  5 gnome leaders
  a giant ant
  4 dwarves
  a homunculus
  2 rothes
  3 monkeys
  4 acid blobs
  2 coyotes
  a hobbit
  a hobgoblin
  2 giant rats
  2 cave spiders
  a brown mold
  a yellow mold
  a green mold
 20 gnomes
  a gnome zombie
  2 jackals
  2 goblins
  3 sewer rats
 11 grid bugs
  a lichen
  2 newts
82 creatures vanquished.

No species were genocided or became extinct.

Game over:
                       ----------
                      /          \
                     /    REST    \
                    /      IN      \
                   /     PEACE      \
                  /                  \
                  |    Drastanta     |
                  |      91 Au       |
                  |   killed by a    |
                  |    crocodile     |
                  |                  |
                  |                  |
                  |       2026       |
                 *|     *  *  *      | *
        _________)/\\_//(\/(/\)/\//\/|_)_______

Goodbye Drastanta the Priest...

You died in The Gnomish Mines on dungeon level 7 with 3196 points,
and 91 pieces of gold, after 2905 moves.
You were level 7 with a maximum of 57 hit points when you died.

